 Dungeon Sprint DCSS version 0.28.0-45-g0d030f2227 (webtiles) character file.

Game seed: 4032499448532812669

2500000 boopmooplesden the Axe Maniac (level 19, -15/207 HPs)
             Began as a Minotaur Gladiator on Apr 16, 2022.
             Was the Champion of Makhleb.
             Demolished by a large bag of meat
             ... wielding a +9 giant spiked club
              (94 damage)
             ... in the Dungeon (Sprint VIII: "Arena of Blood").
             The game lasted 00:01:26 (25 turns).

boopmooplesden the Axe Maniac (Minotaur Gladiator)    Turns: 25, Time: 00:01:27

Health: -15/207    AC:  6    Str: 22    XL:     19   Next: 23%
Magic:  15/28      EV: 29    Int:  5    God:    Makhleb [******]
Gold:   0          SH:  0    Dex: 17    Spells: 31/31 levels left

rFire   . . .      SeeInvis .   k - +∞ Axe of Woe
rCold   . . .      Faith    .   (shield currently unavailable)
rNeg    . . .      Spirit   .   b - +0 leather armour
rPois   .          Reflect  .   c - +0 hat
rElec   .          Harm     .   (no cloak)
rCorr   .          Rampage  .   (no gloves)
Will    +....      NoTele   +   (no boots)
Stlth   ++++......              (no amulet)
HPRegen 0.44/turn               (no ring)
MPRegen 0.21/turn               (no ring)

@: no status effects
A: horns 2, retaliatory headbutt
a: Renounce Religion, Minor Destruction, Lesser Servant of Makhleb, Major
Destruction, Greater Servant of Makhleb


You were in the Dungeon.
You worshipped Makhleb.
Makhleb was exalted by your worship.
You visited 1 branch

Inventory:

Hand Weapons
 a - a +0 war axe
 k - the +∞ Axe of Woe (weapon)
   (You found it in the Dungeon)
Missiles
 d - 3 throwing nets (quivered)
Armour
 b - a +0 leather armour (worn)
 c - a +0 hat (worn)
Jewellery
 l - a +30 ring of slaying
Scrolls
 j - a scroll of blinking
Potions
 e - a potion of curing
 f - a potion of heal wounds
 g - a potion of haste
 h - 2 potions of magic
 i - a potion of berserk rage


   Skills:
 O Level 27 Fighting
 + Level 10.5(12.4) Short Blades
 + Level 11.5(13.4) Long Blades
 O Level 27 Axes
 + Level 11.5(21.8) Maces & Flails
 + Level 11.5(21.8) Polearms
 + Level 11.5(15.1) Staves
 + Level 10.5(21.6) Slings
 + Level 10.5 Bows
 + Level 10.5 Crossbows
 O Level 27 Throwing
 O Level 27 Armour
 O Level 27 Dodging
 + Level 8.9 Stealth
 + Level 11.5 Shields
 + Level 10.5 Unarmed Combat
 + Level 6.7 Spellcasting
 + Level 7.4 Conjurations
 + Level 6.7 Hexes
 + Level 7.4 Summonings
 + Level 7.4 Necromancy
 + Level 7.4 Translocations
 + Level 8.1 Transmutations
 + Level 7.4 Fire Magic
 + Level 7.4 Ice Magic
 + Level 7.4 Air Magic
 + Level 8.1 Earth Magic
 + Level 7.4 Poison Magic
 + Level 9.7 Invocations
 + Level 8.9 Evocations


You had 31 spell levels left.
You didn't know any spells.
Your spell library was empty.

Dungeon Overview and Level Annotations

Branches:
Dungeon (1/1)

Altars:
Makhleb


Innate Abilities, Weirdness & Mutations

You have a pair of horns on your head.
You reflexively headbutt those who attack you in melee.


Message History

The meat berserker rages.
A bag of meat comes into view. It is wielding a +9 war axe.
You hear a shout!
A bag of meat comes into view. It is wielding a +9 war axe.
You hear a shout! x5
Your base Short Blades skill gained 2 levels and is now at level 10!
Your base Long Blades skill gained 2 levels and is now at level 11!
Your base Maces & Flails skill gained 2 levels and is now at level 11!
Your base Polearms skill gained 2 levels and is now at level 11!
Your base Staves skill gained 2 levels and is now at level 11!
Your base Slings skill gained 2 levels and is now at level 10!
Your Bows skill gained 2 levels and is now at level 10!
Your Crossbows skill gained 2 levels and is now at level 10!
Your Stealth skill increases to level 8!
Your Shields skill gained 2 levels and is now at level 11!
Your Unarmed Combat skill gained 2 levels and is now at level 10!
Your Spellcasting skill increases to level 6!
Your Conjurations skill gained 2 levels and is now at level 7!
Your Hexes skill increases to level 6!
Your Summonings skill gained 2 levels and is now at level 7!
Your Necromancy skill gained 2 levels and is now at level 7!
Your Translocations skill gained 2 levels and is now at level 7!
Your Transmutations skill gained 2 levels and is now at level 8!
Your Fire Magic skill gained 2 levels and is now at level 7!
Your Ice Magic skill gained 2 levels and is now at level 7!
Your Air Magic skill gained 2 levels and is now at level 7!
Your Earth Magic skill gained 2 levels and is now at level 8!
Your Poison Magic skill gained 2 levels and is now at level 7!
Your Invocations skill gained 2 levels and is now at level 9!
Your Evocations skill increases to level 8!
You have reached level 19!
A bag of meat comes into view. It is wielding a +9 war axe.
You hear a shout! x4
The bag of meat hits you with a +9 war axe!!
You hear a shout! x5
The bag of meat hits you with a +9 war axe!
You hear a shout! x4
The large bag of meat hits you with a +9 giant spiked club!!
The large bag of meat hits you with a +9 giant spiked club!!!!
You die...

....... ..
.####o....##.# .
#.o.............
#....o.o...#.#.
#.o..o.o....... .
#.o.o.O........
..o#.oOoo.o......
......)O@........
.....§§§o).......
.....§○#)).....#
.#.o.§§#)).....#
.o..o###)).....###.
..........###......
..#........_......
#.......#.....#..
.......#_.<._#


You could see 2 large bags of meat, a meat berserker (berserk) and 18 bags of
meat.

Vanquished Creatures
  9 ogres (D)
  A two-headed ogre (D)
  21 orcs (D)
31 creatures vanquished.

Notes
Turn   | Place    | Note
-------+----------+-------------------------------------------
     0 | D        | Found the +∞ Axe of Woe
     0 | D        | boopmooplesden the Minotaur Gladiator began the quest for
                  | the Orb.
     0 | D        | Reached XP level 1. HP: 18/18 MP: 0/0
     2 | D        | Noticed a bag of meat
     4 | D        | Became a worshipper of Makhleb the Destroyer
     4 | D        | Noticed a meat berserker
     4 | D        | Noticed a bag of meat
     5 | D        | Noticed a meat berserker
     6 | D        | Noticed a bag of meat
     7 | D        | Noticed a bag of meat
     7 | D        | Noticed a meat berserker
     7 | D        | Noticed a bag of meat
     7 | D        | Noticed a bag of meat
     8 | D        | Killed a bag of meat
     8 | D        | Noticed a bag of meat
     8 | D        | Noticed a bag of meat
     9 | D        | Reached skill level 10 in Fighting
     9 | D        | Reached XP level 2. HP: 39/39 MP: 1/1
     9 | D        | Reached XP level 3. HP: 46/46 MP: 2/2
     9 | D        | Reached XP level 4. HP: 53/53 MP: 3/3
     9 | D        | Reached XP level 5. HP: 59/59 MP: 4/4
     9 | D        | Reached XP level 6. HP: 67/67 MP: 5/5
     9 | D        | Reached XP level 7. HP: 73/73 MP: 6/6
     9 | D        | Reached XP level 8. HP: 81/81 MP: 7/7
     9 | D        | Reached XP level 9. HP: 86/86 MP: 8/8
     9 | D        | Reached XP level 10. HP: 94/94 MP: 9/9
     9 | D        | Noticed a bag of meat
     9 | D        | Noticed a bag of meat
     9 | D        | Noticed a bag of meat
    10 | D        | Noticed a bag of meat
    10 | D        | Noticed a bag of meat
    10 | D        | Noticed a bag of meat
    11 | D        | Killed a meat berserker
    11 | D        | Reached * piety under Makhleb
    11 | D        | Noticed a meat berserker
    12 | D        | Reached skill level 10 in Throwing
    12 | D        | Reached XP level 11. HP: 62/108 MP: 10/10
    12 | D        | Reached XP level 12. HP: 66/116 MP: 11/11
    12 | D        | Noticed a meat berserker
    12 | D        | Killed a meat berserker
    12 | D        | Killed a meat berserker
    12 | D        | Noticed a bag of meat
    13 | D        | Reached skill level 27 in Axes
    13 | D        | Reached XP level 13. HP: 125/134 MP: 12/12
    13 | D        | Reached XP level 14. HP: 132/141 MP: 13/13
    13 | D        | Killed a bag of meat
    13 | D        | Reached ** piety under Makhleb
    13 | D        | Noticed a meat berserker
    14 | D        | Reached skill level 15 in Throwing
    14 | D        | Reached skill level 27 in Dodging
    14 | D        | Killed a bag of meat
    14 | D        | Noticed a bag of meat
    14 | D        | Noticed a bag of meat
    15 | D        | Noticed a bag of meat
    15 | D        | Noticed a bag of meat
    15 | D        | Noticed a bag of meat
    15 | D        | Noticed a meat berserker
    15 | D        | Noticed a bag of meat
    16 | D        | Killed a bag of meat
    16 | D        | Killed a bag of meat
    16 | D        | Reached *** piety under Makhleb
    16 | D        | Killed a bag of meat
    16 | D        | Noticed a bag of meat
    17 | D        | Reached skill level 5 in Armour
    17 | D        | Reached XP level 15. HP: 172/172 MP: 14/14
    17 | D        | Killed a meat berserker
    17 | D        | Reached **** piety under Makhleb
    17 | D        | Killed a meat berserker
    18 | D        | Reached skill level 27 in Fighting
    18 | D        | Reached skill level 27 in Throwing
    18 | D        | Reached XP level 16. HP: 183/183 MP: 15/15
    18 | D        | Reached ***** piety under Makhleb
    18 | D        | Killed a meat berserker
    18 | D        | Noticed a large bag of meat
    18 | D        | Noticed a meat berserker
    19 | D        | Reached skill level 27 in Armour
    19 | D        | Killed a meat berserker
    20 | D        | Reached XP level 17. HP: 191/191 MP: 15/19
    20 | D        | Noticed a large bag of meat
    20 | D        | Noticed a meat berserker
    20 | D        | Noticed a large bag of meat
    21 | D        | Noticed a meat berserker
    22 | D        | Reached ****** piety under Makhleb
    23 | D        | Reached skill level 5 in Stealth
    23 | D        | Reached skill level 5 in Transmutations
    23 | D        | Reached skill level 5 in Earth Magic
    23 | D        | Reached skill level 5 in Evocations
    23 | D        | Reached XP level 18. HP: 200/200 MP: 15/23
    24 | D        | Reached skill level 5 in Spellcasting
    24 | D        | Reached skill level 5 in Conjurations
    24 | D        | Reached skill level 5 in Hexes
    24 | D        | Reached skill level 5 in Summonings
    24 | D        | Reached skill level 5 in Necromancy
    24 | D        | Reached skill level 5 in Translocations
    24 | D        | Reached skill level 5 in Fire Magic
    24 | D        | Reached skill level 5 in Ice Magic
    24 | D        | Reached skill level 5 in Air Magic
    24 | D        | Reached skill level 5 in Poison Magic
    24 | D        | Killed a meat berserker
    24 | D        | Killed a meat berserker
    24 | D        | Killed a large bag of meat
    25 | D        | Reached skill level 10 in Short Blades
    25 | D        | Reached skill level 10 in Slings
    25 | D        | Reached skill level 10 in Bows
    25 | D        | Reached skill level 10 in Crossbows
    25 | D        | Reached skill level 10 in Unarmed Combat
    25 | D        | Reached XP level 19. HP: 144/207 MP: 15/28
    25 | D        | Demolished by a large bag of meat

Illustrated notes

Levels and vault maps discovered:
D:        meatsprint

Skill      XL: |  1  2  3  4  5  6  7  8  9 10 11 12 13 14 15 16 17 18 |
---------------+-------------------------------------------------------+-----
Fighting       | 10 13 17 26 27 | 27.0
Axes           | 19 24 27 | 27.0
Throwing       | 8 10 13 19 27 | 27.0
Dodging        | 17 21 26 27 | 27.0
Armour         | 5 18 27 | 27.0
Short Blades   | 3 7 10 | 10.5
Long Blades    | 4 7 11 | 11.5
Maces & Flails | 4 7 11 | 11.5
Polearms       | 4 7 11 | 11.5
Staves         | 4 7 11 | 11.5
Slings         | 3 7 10 | 10.5
Bows           | 3 7 10 | 10.5
Crossbows      | 3 7 10 | 10.5
Stealth        | 3 5 8 |  8.9
Shields        | 4 7 11 | 11.5
Unarmed Combat | 3 7 10 | 10.5
Spellcasting   | 2 4 6 |  6.7
Conjurations   | 2 4 7 |  7.4
Hexes          | 2 4 6 |  6.7
Summonings     | 2 4 7 |  7.4
Necromancy     | 2 4 7 |  7.4
Translocations | 2 4 7 |  7.4
Transmutations | 2 5 8 |  8.1
Fire Magic     | 2 4 7 |  7.4
Ice Magic      | 2 4 7 |  7.4
Air Magic      | 2 4 7 |  7.4
Earth Magic    | 2 5 8 |  8.1
Poison Magic   | 2 4 7 |  7.4
Invocations    | 3 6 9 |  9.7
Evocations     | 3 5 8 |  8.9

Action                   |  1- 3 |  4- 6 |  7- 9 | 10-12 | 13-15 | 16-18 | 19-21 || total
-------------------------+-------+-------+-------+-------+-------+-------+-------++-------
Melee: Executioner's axe |     1 |       |       |     2 |     4 |     5 |       ||    12
Dodge: Dodged            |       |       |       |       |       |     3 |       ||     3
